 Dungeon Crawl Stone Soup version 0.21.1-1-g345015f (webtiles) character file.

111 grindst0ne the Skirmisher (level 4, 0/52 HPs)
             Began as an Ogre Arcane Marksman on Feb 26, 2018.
             Slain by a gnoll
             ... wielding a +0 halberd
              (16 damage)
             ... on level 2 of the Dungeon.
             The game lasted 00:03:20 (1128 turns).

grindst0ne the Skirmisher (Ogre Arcane Marksman)    Turns: 1128, Time: 00:03:21

Health: 0/52       AC:  3    Str: 14    XL:     4   Next: 92%
Magic:  5/5        EV: 10    Int: 14    God:
Gold:   27         SH:  0    Dex: 10    Spells: 4/5 levels left

rFire    . . .     SeeInvis .   g - +2 hand axe (chop)
rCold    . . .     Gourm    .   (no shield)
rNeg     . . .     Faith    .   a - +0 robe
rPois    .         Spirit   .   (helmet restricted)
rElec    .         Reflect  .   (no cloak)
rCorr    .         Harm     .   (gloves unavailable)
MR       .....                  (boots unavailable)
Stlth    +.........             (no amulet)
HPRegen  0.17/turn              (no ring)
MPRegen  0.09/turn              (no ring)

@: no status effects
A: large, unfitting armour, tough skin 1
a: no special abilities


You were on level 2 of the Dungeon.
You were not hungry.

You visited 1 branch of the dungeon, and saw 2 of its levels.

You collected 27 gold pieces.

Inventory:

Hand Weapons
 g - a +2 hand axe of chopping (weapon)
 h - a +0 club
 n - a +0 war axe
Armour
 a - a +0 robe (worn)
Jewellery
 j - an uncursed ring of resist corrosion {unknown}
Wands
 k - a wand of disintegration (11)
Scrolls
 e - a scroll of remove curse
 p - a scroll of identify {unknown}
 r - a scroll of teleportation {unknown}
Potions
 o - a potion of berserk rage {unknown}
Books
 b - a book of Debilitation

   Spells                             Type                      Level
   a - Corona                         Hexes                        1
   b - Slow                           Hexes                        2
   c - Inner Flame                    Hexes/Fire                   3
   d - Portal Projectile              Hexes/Translocation          3
   e - Cause Fear                     Hexes                        4
   f - Leda's Liquefaction            Hexes/Earth                  4
Comestibles
 f - 3 rations
 m - 3 chunks of flesh


   Skills:
 + Level 5.7 Fighting
 - Level 1.0 Maces & Flails
 - Level 2.0 Throwing
 - Level 1.7 Dodging
 - Level 1.2 Spellcasting
 - Level 2.6 Hexes


You had 4 spell levels left.
You knew the following spells:

 Your Spells              Type           Power        Failure   Level  Hunger
a - Corona                Hex            #......      9%          1    ##.....


Dungeon Overview and Level Annotations

Branches:
Dungeon (2/15)

Altars:

Annotations:
D:2 Natasha


Innate Abilities, Weirdness & Mutations

You are too large for most types of armour.
You have tough skin. (AC +1)


Message History

It was a potion of magic.
Magic courses through your body. The gnoll closely misses you.
The crimson imp blinks!
It was a potion of curing.
You feel better.
Throwing (i - inventory):
q - 3 javelins (quivered)
Press: ? - help, Shift-Dir - straight line, f - gnoll
Aim: a gnoll, wielding a halberd You throw a javelin.
The javelin barely misses the gnoll.
The gnoll barely misses you. x2
Throwing (i - inventory):
q - 2 javelins (quivered)
Press: ? - help, Shift-Dir - straight line, f/p - gnoll
Aim: a gnoll, wielding a halberd You throw a javelin.
The javelin closely misses the gnoll.
The gnoll barely misses you.
Throwing (i - inventory):
q - a javelin (quivered)
Press: ? - help, Shift-Dir - straight line, f/p - gnoll
Aim: a gnoll, wielding a halberd You throw a javelin.
The javelin hits the gnoll but does no damage.
The gnoll hits you from afar with a halberd!
You die...

#.#.###........#
#.#........#####
#.#####.##.#
#g..g.#).#.#
..hgg.##5###.#.#
###.# #h# #.#.#
# #)# #.#.#
#g###.#.#
#..@..#.#
#######


You could see a gnoll.

Vanquished Creatures
  A howler monkey (D:2)
  Natasha (D:2)
  2 gnolls (D:2)
  A bat (D:1)
  A giant cockroach (D:1)
  2 goblins
  5 hobgoblins
  A jackal (D:1)
  2 quokkas (D:2)
  4 frilled lizards
  5 kobolds
  4 rats
29 creatures vanquished.

Notes
Turn   | Place    | Note
-------+----------+-------------------------------------------
     0 | D:1      | grindst0ne the Ogre Arcane Marksman began the quest for the Orb.
     0 | D:1      | Reached XP level 1. HP: 19/19 MP: 2/2
    62 | D:1      | Reached skill level 2 in Fighting
   269 | D:1      | Reached XP level 2. HP: 28/29 MP: 3/3
   497 | D:1      | Reached skill level 3 in Fighting
   917 | D:2      | Reached skill level 1 in Maces & Flails
   917 | D:2      | Reached XP level 3. HP: 36/37 MP: 4/4
  1010 | D:2      | Noticed Natasha
  1012 | D:2      | Killed Natasha
  1012 | D:2      | Reached skill level 4 in Fighting
  1036 | D:2      | Reached skill level 5 in Fighting
  1036 | D:2      | Reached XP level 4. HP: 48/50 MP: 5/5
  1111 | D:2      | Noticed Natasha
  1128 | D:2      | Slain by a gnoll

Skill      XL: |  1  2  3 |
---------------+----------+-----
Fighting       | 2 3 5 |  5.7
Maces & Flails | 1 |  1.0
Throwing       | |  2.0
Dodging        | |  1.7
Spellcasting   | |  1.2
Hexes          | |  2.6

Action                   |  1- 3 |  4- 6 || total
-------------------------+-------+-------++-------
Melee: Unarmed           |    18 |       ||    18
       Club              |    20 |       ||    20
       Hand axe          |    25 |       ||    25
Throw: Large rock        |    23 |     4 ||    27
       Javelin           |       |     4 ||     4
       Throwing net      |       |     2 ||     2
Evoke: Wand              |       |     2 ||     2
  Use: Scroll            |     1 |       ||     1
       Potion            |       |     2 ||     2
  Eat: Chunk             |     1 |       ||     1
Armor: Robe              |    21 |     1 ||    22
Dodge: Dodged            |    41 |     8 ||    49
